 Dungeon Crawl Stone Soup version 0.21-a0-331-gfb491b4 (webtiles) character file.

107 vishdafish the Poker (level 4, -4/33 HPs)
             Began as a Demonspawn Skald on Oct 2, 2017.
             Slain by a worker ant (6 damage)
             ... on level 2 of the Dungeon.
             The game lasted 00:03:23 (2120 turns).

vishdafish the Poker (Demonspawn Skald)             Turns: 2120, Time: 00:03:23

Health: -4/33      AC:  3    Str: 11    XL:     4   Next: 57%
Magic:  4/7        EV: 12    Int: 16    God:
Gold:   127        SH:  0    Dex: 12    Spells: 6/7 levels left

rFire    . . .     SeeInvis .   a - +0 spear
rCold    . . .     Gourm    .   (no shield)
rNeg     . . .     Faith    .   b - +0 leather armour
rPois    .         Spirit   .   (helmet restricted)
rElec    .         Reflect  .   (no cloak)
rCorr    .         Harm     .   (no gloves)
MR       .....                  (no boots)
Stlth    +.........             (no amulet)
HPRegen  0.11/turn              (no ring)
MPRegen  0.10/turn              (no ring)

@: no status effects
A: antennae 1
a: no special abilities


You were on level 2 of the Dungeon.
You were not hungry.

You visited 1 branch of the dungeon, and saw 3 of its levels.

You collected 127 gold pieces.

Inventory:

Hand Weapons
 a - a +0 spear (weapon)
Armour
 b - a +0 leather armour (worn)
 f - a +0 buckler
Scrolls
 e - 3 scrolls of identify {unknown}
 h - a scroll of random uselessness {unknown}
 i - 2 scrolls of enchant weapon {unknown}
 j - 2 scrolls of remove curse {unknown}
 o - a scroll of magic mapping {unknown}
Potions
 g - 2 potions of curing {unknown}
 k - 2 potions of flight {unknown}
 l - a potion of mutation {unknown}
 m - 2 potions of brilliance {unknown}
Books
 c - a book of Battle

   Spells                             Type                      Level
   a - Infusion                       Charms                       1
   b - Shroud of Golubria             Charms/Translocation         2
   c - Song of Slaying                Charms                       2
   d - Spectral Weapon                Hexes/Charms                 3
   e - Regeneration                   Charms/Necromancy            3
Comestibles
 d - 2 bread rations
 n - 2 royal jellies


   Skills:
 - Level 2.0 Fighting
 + Level 4.0 Polearms
 - Level 1.0 Armour
 - Level 2.1 Dodging
 + Level 2.0 Spellcasting
 - Level 3.0 Charms


You had 6 spell levels left.
You knew the following spells:

 Your Spells              Type           Power        Failure   Level  Hunger
a - Infusion              Chrm           ##..         8%          1    #......


Dungeon Overview and Level Annotations

Branches:
Dungeon (3/15)

Altars:


Innate Abilities, Weirdness & Mutations

You have a pair of small antennae on your head.


Message History

You barely miss the worker ant.
The worker ant is severely wounded.
The worker ant bites you.
* * * LOW HITPOINT WARNING * * *
The worker ant closely misses you.
You closely miss the worker ant.
The worker ant is severely wounded.
The worker ant closely misses you.
You closely miss the worker ant.
The worker ant is severely wounded.
The worker ant closely misses you.
You closely miss the worker ant.
The worker ant is severely wounded.
The worker ant barely misses you.
You hit the worker ant.
The worker ant is almost dead.
The worker ant bites you!
* * * LOW HITPOINT WARNING * * *
The worker ant bites you.
You die...

........###..)......###.#
.........##.........###.####
.......#..##.###...........#
......###..#.# #.).........#
.###### ##.#.###...........#
.# #.......###.......#
.###### ###.....###.......#
...(..# #...#..##.......#
(.....# #...#@..#.......#
......######...#a#.........#
..........##...#.###.......#
#...÷.........)#.######†####
##..#.#.#......>..#####..##
##.[#...####...#.....###..###
#...##..## ##....###..###...#
.......<.# ####..###.......#
......#..# #...###......##


You could see a worker ant.

Vanquished Creatures
  Jessica (D:2)
  2 adders (D:2)
  A worm (D:2)
  5 dart slugs
  2 leopard geckos
  4 bats
  3 giant cockroaches
  5 goblins
  10 hobgoblins
  A quokka (D:2)
  5 frilled lizards
  5 kobolds
  5 rats
49 creatures vanquished.

Notes
Turn   | Place    | Note
-------+----------+-------------------------------------------
     0 | D:1      | vishdafish the Demonspawn Skald began the quest for the Orb.
     0 | D:1      | Reached XP level 1. HP: 16/16 MP: 3/3
     3 | D:1      | Reached skill level 1 in Armour
   170 | D:1      | Reached skill level 2 in Polearms
   182 | D:1      | Gained mutation: You have a pair of small antennae on your head. [demonic ancestry]
   182 | D:1      | Reached XP level 2. HP: 22/22 MP: 0/5
  1372 | D:1      | Reached XP level 3. HP: 25/27 MP: 2/6
  1472 | D:2      | Reached skill level 3 in Polearms
  1496 | D:2      | Noticed Jessica
  1513 | D:2      | Killed Jessica
  1513 | D:2      | Reached XP level 4. HP: 12/33 MP: 0/7
  2062 | D:2      | Reached skill level 4 in Polearms
  2116 | D:2      | HP: 1/33 [worker ant (7)]
  2120 | D:2      | Slain by a worker ant

Vault maps used:
D:1:      saegor_arrival_simple_b
D:2:      uniq_jessica
D:3:      lemuel_crystal_altar, supply_closet_lemuel

Skill      XL: |  1  2  3  4 |
---------------+-------------+-----
Armour         | 1 |  1.0
Polearms       | 2 3 4 |  4.0
Dodging        | 2 |  2.1
Charms         | 3 |  3.0
Fighting       | |  2.0
Spellcasting   | |  2.0

Action                   |  1- 3 |  4- 6 || total
-------------------------+-------+-------++-------
Melee: Spear             |   117 |    83 ||   200
 Cast: Infusion          |    10 |     6 ||    16
 Stab: Sleeping          |     1 |       ||     1
  Eat: Chunk             |     2 |     2 ||     4
Armor: Leather armour    |    11 |    20 ||    31
Dodge: Dodged            |    44 |    43 ||    87

Table legend:
 A = Spawn XP
 B = Non-spawn XP
 C = Spawn XP percentage of total XP
 D = Spawn monster count
 E = Non-spawn monster count
 F = Spawn count percentage of total count
 G = Total turns spent on level
                    A         B        C        D         E        F      G
               +---------+---------+-------+---------+---------+-------+---------
         Total |       0 |     154 |   0.0 |       0 |      49 |   0.0 |  2120
               +---------+---------+-------+---------+---------+-------+---------
           D:1 |       0 |      41 |   0.0 |       0 |      23 |   0.0 |  1400
           D:2 |       0 |     110 |   0.0 |       0 |      24 |   0.0 |   697
           D:3 |       0 |       3 |   0.0 |       0 |       2 |   0.0 |    23
               +---------+---------+-------+---------+---------+-------+---------
